[Event "42nd Olympiad Baku 2016 Women"]
[Site "Baku"]
[Date "2016.09.02"]
[Round "1.20"]
[White "Braganza, Nadia"]
[Black "Castrillon Gomez, Melissa"]
[Result "0-1"]
[ECO "B06"]
[WhiteElo "1392"]
[BlackElo "2194"]
[PlyCount "78"]
[EventDate "2016.??.??"]
[EventCountry "AZE"]
[WhiteTeam "Neuseeland"]
[BlackTeam "Kolumbien"]
[WhiteTeamCountry "NZL"]
[BlackTeamCountry "COL"]
[TimeControl "40/5400+30:1800+30"]
[WhiteClock "0:07:55"]
[BlackClock "0:52:47"]

1. e4 {(00:00} g6 {(00:28} 2. d4 {(00:31} Bg7 {(
00:04} 3. Nf3 {(00:44} d6 {(00:09} 4. Bc4 {(04:14} Nf6
{(02:02} 5. Nc3 {(01:30} O-O {(01:23} 6. Bb3 {(
01:14} Nc6 {(01:01} 7. O-O {(02:17} Bg4 {(00:41} 8.
Be3 {(03:21} e5 {(02:17} 9. d5 {(07:21} Nd4 {(
01:01} 10. Bxd4 {(02:19} exd4 {(00:08} 11. Qxd4 {(07:
15} Bxf3 {(01:01} 12. gxf3 {(00:20} Nh5 {(04:48} 13.
Qe3 {(00:16} Qh4 {(01:46} 14. Ne2 {(06:16} Bxb2 {
(02:32} 15. Rab1 {(00:12} Be5 {(00:06} 16. Ng3 {
(00:19} Nf4 {(02:16} 17. Kh1 {(09:46} Nh3 {(05:
37} 18. Ba4 {(07:12} Bf4 {(02:31} 19. Qd4 {(05:11} Ng5
{(04:56} 20. Qc3 {(02:40} Rab8 {(00:51} 21. Bb5 {
(04:28} Be5 {(00:57} 22. Qe3 {(03:03} Bd4 {(02:
07} 23. Qa3 {(03:57} Nh3 {(01:58} 24. Kg2 {(10:36}
Nxf2 {(03:47} 25. Bd7 {(00:47} Rfd8 {(03:52} 26. Qa4 {
(01:21} Bc5 {(00:12} 27. a3 {(03:36} a6 {(03:52]
} 28. Bg4 {(03:30} h5 {(02:03} 29. Bd7 {(00:09} b5 {
(00:15} 30. Qxa6 {(00:09} Rxd7 {(00:08} 31. Rxf2 {
(02:38} Bxf2 {(00:05} 32. Kxf2 {(00:14} Qxh2+ {(
00:06} 33. Ke3 {(00:13} Qxg3 {(00:09} 34. Qc6 {(01:10}
Re7 {(00:16} 35. a4 {(00:25} Rbe8 {(00:09} 36. axb5 {
(00:20} Rxe4+ {(00:07} 37. Kd2 {(00:49} Qxf3 {(
00:48} 38. Qxc7 {(00:54} Qe3+ {(00:09} 39. Kd1 {(00:18]
} Qe1# {(00:05} 0-1

[Event "42nd Olympiad Baku 2016 Women"]
[Site "Baku"]
[Date "2016.09.02"]
[Round "1.26"]
[White "Brunello, Marina"]
[Black "Jalaluldeen, Kareen Kamal J"]
[Result "1-0"]
[ECO "C05"]
[WhiteElo "2376"]
[BlackElo "1824"]
[PlyCount "77"]
[EventDate "2016.??.??"]
[EventCountry "AZE"]
[WhiteTeam "Italien"]
[BlackTeam "Irak"]
[WhiteTeamCountry "ITA"]
[BlackTeamCountry "IRQ"]
[TimeControl "40/5400+30:1800+30"]
[WhiteClock "0:06:30"]
[BlackClock "0:01:11"]

1. e4 {(00:00} e6 {(00:00} 2. d4 {(00:00} d5 {(
00:00} 3. Nd2 {(00:04} Nf6 {(00:11} 4. e5 {(00:28}
Nfd7 {(00:10} 5. Bd3 {(00:08} c5 {(00:26} 6. c3 {
(00:08} Qb6 {(00:46} 7. Ne2 {(14:11} Nc6 {(01:
21} 8. Nf3 {(00:18} cxd4 {(01:58} 9. cxd4 {(00:07}
Bb4+ {(04:08} 10. Kf1 {(06:37} f6 {(03:15} 11. exf6 {
(05:33} Nxf6 {(00:15} 12. Bf4 {(02:43} O-O {(07:
52} 13. h3 {(11:14} Qd8 {(04:16} 14. g3 {(05:18} Bd6 {
(11:47} 15. Kg2 {(02:40} Bxf4 {(22:59} 16. Nxf4 {
(01:09} Qd6 {(06:16} 17. Re1 {(04:36} Bd7 {(03:
22} 18. Qe2 {(06:35} Rae8 {(02:26} 19. Rad1 {(05:27}
a6 {(10:04} 20. Bb1 {(01:16} Re7 {(02:03} 21. h4 {
(01:42} Rfe8 {(02:57} 22. Ne5 {(00:29} Qc7 {(03:
53} 23. Qc2 {(06:29} Qb6 {(04:57} 24. f3 {(05:36} Nb4
{(02:32} 25. Qd2 {(00:42} Nc6 {(01:41} 26. g4 {(
01:34} Rf8 {(01:05} 27. g5 {(00:56} Ne8 {(00:49} 28.
Nxd7 {(01:06} Rxd7 {(00:30} 29. Nxe6 {(00:12} Rff7 {
(00:40} 30. g6 {(01:12} hxg6 {(00:50} 31. Bxg6 {
(00:11} Rfe7 {(00:10} 32. Nc5 {(01:17} Rd8 {(00:
28} 33. Re6 {(07:41} Nf6 {(00:59} 34. Rde1 {(00:30}
Rxe6 {(00:19} 35. Nxe6 {(01:23} Rc8 {(00:40} 36. Qg5 {
(02:04} Ne8 {(01:05} 37. Bxe8 {(00:16} Qxb2+ {(
00:07} 38. Kh3 {(00:57} Rc7 {(00:32} 39. Nxc7 {(00:11}
1-0

[Event "42nd Olympiad Baku 2016 Women"]
[Site "Baku"]
[Date "2016.09.02"]
[Round "1.11"]
[White "Bulmaga, Irina"]
[Black "Jose Polanco, Kenia"]
[Result "1-0"]
[ECO "B27"]
[WhiteElo "2395"]
[BlackElo "1923"]
[PlyCount "121"]
[EventDate "2016.??.??"]
[EventCountry "AZE"]
[WhiteTeam "Rumänien"]
[BlackTeam "Dominikanische Republik"]
[WhiteTeamCountry "ROU"]
[BlackTeamCountry "DOM"]
[TimeControl "40/5400+30:1800+30"]
[WhiteClock "0:05:05"]
[BlackClock "0:01:55"]

1. e4 {(00:00} c5 {(00:00} 2. Nf3 {(00:00} g6 {(
00:00} 3. c3 {(00:09} Bg7 {(00:00} 4. d4 {(00:07} cxd4
{(00:00} 5. cxd4 {(00:07} d5 {(00:08} 6. e5 {(
00:07} Bg4 {(01:40} 7. Bb5+ {(01:55} Nd7 {(03:43} 8.
Nbd2 {(08:25} e6 {(04:29} 9. O-O {(03:36} Ne7 {(
03:54} 10. h3 {(00:36} Bxf3 {(03:43} 11. Nxf3 {(00:08}
O-O {(02:08} 12. Bg5 {(00:31} a6 {(09:52} 13. Bd3 {
(00:58} Re8 {(11:25} 14. Qd2 {(03:27} Qb6 {(03:
15} 15. Rad1 {(05:03} Nc6 {(05:05} 16. Bb1 {(02:32} f6
{(02:33} 17. exf6 {(00:49} Nxf6 {(04:40} 18. Rfe1 {
(01:17} Qb4 {(06:06} 19. Qf4 {(16:03} Qf8 {(00:
36} 20. Re2 {(03:42} Re7 {(11:32} 21. Ne5 {(06:58}
Ree8 {(05:34} 22. Nxc6 {(05:01} bxc6 {(00:07} 23. Qc7 {
(00:44} Rec8 {(07:50} 24. Qg3 {(04:53} Re8 {(00:
21} 25. Rde1 {(02:52} Nh5 {(02:13} 26. Qg4 {(00:48}
Qb4 {(03:26} 27. Rd1 {(03:15} Qd6 {(01:04} 28. a3 {
(08:13} e5 {(01:43} 29. dxe5 {(00:54} Bxe5 {(01:
08} 30. Rde1 {(01:48} Bh2+ {(00:25} 31. Kh1 {(01:14}
Rxe2 {(00:13} 32. Qxe2 {(00:26} Bf4 {(02:17} 33. Be7 {
(02:27} Qd7 {(00:09} 34. Qg4 {(02:19} Qxg4 {(00:
31} 35. hxg4 {(00:02} Ng7 {(00:26} 36. Bc5 {(02:38}
Re8 {(00:29} 37. Rxe8+ {(01:38} Nxe8 {(00:04} 38. Bd3 {
(01:56} a5 {(00:28} 39. g3 {(03:48} Bd6 {(02:08]
} 40. Bb6 {(00:00} Bc7 {(00:00} 41. Bd4 {(02:21} Bd6 {
(04:57} 42. Bc2 {(07:41} Kf7 {(01:13} 43. Kg2 {(
07:16} Nf6 {(07:14} 44. Bb6 {(06:14} Be5 {(04:07} 45.
Bxa5 {(10:34} Bxb2 {(00:09} 46. a4 {(00:37} Bd4 {
(02:40} 47. Bc7 {(03:24} Ne8 {(03:01} 48. Bd8 {(
00:53} Ke6 {(01:57} 49. f4 {(00:07} Kd7 {(00:47} 50.
Bg5 {(00:49} Be3 {(02:38} 51. Kf3 {(00:23} d4 {(
00:14} 52. Bb3 {(01:16} Ng7 {(05:42} 53. a5 {(00:27}
Bd2 {(01:48} 54. a6 {(00:07} Kc7 {(00:03} 55. Bf6 {
(00:52} Ne8 {(04:36} 56. Be5+ {(00:04} Kb6 {(00:
35} 57. a7 {(00:07} Kxa7 {(00:15} 58. Bf7 {(00:05} Kb6
{(00:38} 59. Bxe8 {(00:08} c5 {(00:01} 60. Ke4 {
(00:28} Be1 {(00:05} 61. f5 {(00:06} 1-0

[Event "42nd Olympiad Baku 2016 Women"]
[Site "Baku"]
[Date "2016.09.02"]
[Round "1.8"]
[White "Carraro, Denise"]
[Black "de San Vicente, Sabrina"]
[Result "1-0"]
[ECO "C42"]
[WhiteElo "2120"]
[BlackElo "1670"]
[PlyCount "77"]
[EventDate "2016.??.??"]
[EventCountry "AZE"]
[WhiteTeam "Argentinien"]
[BlackTeam "Uruguay"]
[WhiteTeamCountry "ARG"]
[BlackTeamCountry "URU"]
[TimeControl "40/5400+30:1800+30"]
[WhiteClock "0:05:33"]
[BlackClock "0:05:30"]

1. e4 {(00:00} e5 {(00:00} 2. Nf3 {(00:00} Nf6 {
(00:11} 3. Nxe5 {(00:03} Nxe4 {(00:15} 4. Qe2 {(
00:41} Qe7 {(00:19} 5. Qxe4 {(00:44} d6 {(00:21} 6. d4
{(00:20} dxe5 {(00:30} 7. dxe5 {(01:10} Nc6 {(
00:45} 8. Nc3 {(01:32} Qxe5 {(04:53} 9. Qxe5+ {(00:40}
Nxe5 {(00:09} 10. Bf4 {(00:04} Bd6 {(02:09} 11. Bg3 {
(00:35} Bd7 {(13:26} 12. Ne4 {(03:16} f6 {(13:
17} 13. Nxd6+ {(03:40} cxd6 {(00:13} 14. O-O-O {(00:10]
} Ke7 {(04:41} 15. f4 {(30:12} Nf7 {(05:10} 16. Bc4 {
(00:14} Bc6 {(02:14} 17. Rhe1+ {(00:27} Kf8 {(
00:41} 18. Bd5 {(10:03} Rd8 {(06:43} 19. Re6 {(09:29}
h5 {(04:43} 20. f5 {(01:53} Ne5 {(05:21} 21. Bxe5 {
(07:49} dxe5 {(01:37} 22. Bxc6 {(00:07} Rxd1+ {(
00:44} 23. Kxd1 {(00:03} bxc6 {(01:22} 24. Rxc6 {(00:
10} Kg8 {(02:28} 25. Ra6 {(06:10} Kh7 {(00:51} 26.
Rxa7 {(00:09} Rd8+ {(00:46} 27. Ke2 {(00:03} Rd4 {
(00:42} 28. a4 {(04:38} h4 {(04:10} 29. b3 {(10:
57} Re4+ {(02:10} 30. Kf3 {(03:52} Rf4+ {(00:14} 31.
Ke3 {(00:03} Rf1 {(01:46} 32. a5 {(00:17} Rh1 {(
15:10} 33. h3 {(00:58} Rg1 {(00:36} 34. a6 {(01:12}
Rxg2 {(00:07} 35. Rc7 {(00:02} Rg1 {(03:59} 36. a7 {
(01:36} Ra1 {(00:02} 37. b4 {(00:04} Ra3+ {(00:
23} 38. c3 {(00:20} Ra1 {(00:22} 39. b5 {(00:14} 1-0

[Event "42nd Olympiad Baku 2016 Women"]
[Site "Baku"]
[Date "2016.09.02"]
[Round "1.27"]
[White "Castro, Neusa Aridas De"]
[Black "Atabayeva, Gozel"]
[Result "0-1"]
[ECO "B90"]
[WhiteElo "1476"]
[BlackElo "2021"]
[PlyCount "104"]
[EventDate "2016.??.??"]
[EventCountry "AZE"]
[WhiteTeam "Mosambik"]
[BlackTeam "Turkmenistan"]
[WhiteTeamCountry "MOZ"]
[BlackTeamCountry "TKM"]
[TimeControl "40/5400+30:1800+30"]
[WhiteClock "0:38:35"]
[BlackClock "0:34:57"]

1. e4 {(00:00} c5 {(00:00} 2. Nf3 {(00:00} d6 {(
00:00} 3. d4 {(00:00} cxd4 {(00:00} 4. Nxd4 {(00:00}
Nf6 {(00:06} 5. Nc3 {(00:14} a6 {(00:32} 6. Bc4 {
(02:00} e6 {(00:13} 7. Be3 {(02:32} b5 {(01:58}
8. Bd3 {(01:32} Bb7 {(01:05} 9. f3 {(00:43} Nbd7 {
(00:54} 10. Qd2 {(01:35} Ne5 {(02:01} 11. a3 {(
01:36} Rc8 {(06:00} 12. O-O-O {(02:42} Be7 {(01:33}
13. Kb1 {(01:45} Nfd7 {(01:50} 14. Nb3 {(03:41} Qc7 {
(03:33} 15. Be2 {(05:19} Nc4 {(02:37} 16. Bxc4 {
(03:05} bxc4 {(00:48} 17. Nd4 {(00:11} Nb6 {(03:
59} 18. h3 {(04:06} O-O {(03:18} 19. g4 {(00:21} d5 {
(01:07} 20. exd5 {(02:33} Nxd5 {(00:14} 21. Rhf1 {
(05:59} Rfd8 {(02:58} 22. Bg1 {(06:06} Bc5 {(09:
40} 23. Ne4 {(03:21} Bb6 {(09:27} 24. Bh2 {(03:24} Qe7
{(00:43} 25. c3 {(00:46} g6 {(15:03} 26. Bg1 {(
02:24} e5 {(00:59} 27. Nc2 {(03:02} Ne3 {(02:17} 28.
Qc1 {(02:48} Rxd1 {(04:26} 29. Rxd1 {(01:32} Nxd1 {
(00:20} 30. Bxb6 {(00:53} Bxe4 {(00:29} 31. fxe4 {
(02:18} Qd6 {(01:47} 32. Bg1 {(00:52} Rb8 {(02:
37} 33. Bh2 {(09:55} Rxb2+ {(01:34} 34. Ka1 {(00:49}
Qd3 {(06:07} 35. Nb4 {(06:09} Qd2 {(04:57} 36. Qxd2 {
(02:16} Rxd2 {(00:02} 37. Bxe5 {(00:11} Nf2 {(
00:50} 38. Nxa6 {(01:00} Nxe4 {(00:18} 39. h4 {(01:53}
f6 {(00:37} 40. Bd4 {(00:00} Rg2 {(00:00} 41. a4 {
(03:47} Rxg4 {(00:30} 42. a5 {(00:06} Rxh4 {(02:
09} 43. Nc7 {(00:21} Rh5 {(01:39} 44. a6 {(00:09} Ra5+
{(01:15} 45. Kb2 {(00:07} h5 {(05:13} 46. a7 {(
00:18} h4 {(00:17} 47. a8=Q+ {(00:19} Rxa8 {(00:05}
48. Nxa8 {(00:06} h3 {(00:12} 49. Bg1 {(00:27} g5 {
(02:11} 50. Nc7 {(01:06} g4 {(00:14} 51. Ne6 {(
00:10} g3 {(00:10} 52. Nf4 {(10:56} h2 {(00:09} 0-1

[Event "42nd Olympiad Baku 2016 Women"]
[Site "Baku"]
[Date "2016.09.02"]
[Round "1.25"]
[White "Caton, Stacey"]
[Black "Stetsko, Lanita"]
[Result "0-1"]
[ECO "A46"]
[WhiteElo "1605"]
[BlackElo "2170"]
[PlyCount "30"]
[EventDate "2016.??.??"]
[EventCountry "AZE"]
[WhiteTeam "ARU"]
[BlackTeam "Weißrussland"]
[BlackTeamCountry "BLR"]
[TimeControl "40/5400+30:1800+30"]
[WhiteClock "0:09:59"]
[BlackClock "0:54:37"]

1. d4 {(00:00} Nf6 {(00:00} 2. Nf3 {(00:00} d5 {
(00:00} 3. Nbd2 {(01:14} e6 {(00:39} 4. e3 {(00:
55} b6 {(00:40} 5. c4 {(02:06} Bb7 {(01:36} 6. Bd3 {
(10:30} Bd6 {(02:28} 7. O-O {(07:32} Nbd7 {(15:
37} 8. Qc2 {(22:26} c5 {(06:48} 9. b3 {(23:19} Rc8 {
(04:40} 10. Qb2 {(02:06} O-O {(04:54} 11. Ne5 {(
05:05} Bxe5 {(02:55} 12. dxe5 {(03:35} Ng4 {(00:41}
13. Nf3 {(00:21} dxc4 {(00:34} 14. Bxc4 {(04:05} Bxf3 {
(00:51} 15. gxf3 {(04:17} Ngxe5 0-1

[Event "42nd Olympiad Baku 2016 Women"]
[Site "Baku"]
[Date "2016.09.02"]
[Round "1.15"]
[White "Chang, Suzana"]
[Black "Mpinganjira, Ellen"]
[Result "1-0"]
[ECO "D37"]
[WhiteElo "2093"]
[BlackElo "1373"]
[PlyCount "113"]
[EventDate "2016.??.??"]
[EventCountry "AZE"]
[WhiteTeam "Brasilien"]
[BlackTeam "MAW"]
[WhiteTeamCountry "BRA"]
[TimeControl "40/5400+30:1800+30"]
[WhiteClock "0:08:39"]
[BlackClock "0:21:42"]

1. d4 {(00:00} e6 {(00:00} 2. c4 {(00:02} d5 {(
01:21} 3. Nf3 {(00:29} Be7 {(01:02} 4. Nc3 {(00:17}
Nf6 {(01:18} 5. Bf4 {(02:22} O-O {(01:27} 6. e3 {
(00:16} c5 {(05:09} 7. Bd3 {(04:54} Nc6 {(01:04]
} 8. O-O {(01:05} cxd4 {(07:03} 9. exd4 {(00:16} Nh5 {
(09:52} 10. Be3 {(07:30} Nf6 {(01:19} 11. a3 {(
04:52} Qc7 {(03:13} 12. cxd5 {(07:53} exd5 {(03:17}
13. Qb3 {(13:08} Be6 {(01:44} 14. Rac1 {(07:32} a6 {
(03:32} 15. Ng5 {(05:24} Bd6 {(05:25} 16. h3 {(
00:50} Rab8 17. Na4 {(03:35} Bf4 {(14:57} 18. Qc2 {(07:
17} h6 {(07:11} 19. Nxe6 {(05:58} fxe6 {(00:56} 20.
Bxa6 {(01:30} bxa6 {(03:15} 21. Qxc6 {(00:32} Qxc6 {
(02:18} 22. Rxc6 {(00:08} Bxe3 {(02:05} 23. fxe3 {
(02:47} Rfe8 {(02:13} 24. Rxa6 {(08:09} Rb3 {(
00:56} 25. Rf3 {(04:35} e5 {(04:13} 26. Rb6 {(00:15}
Rd3 {(01:31} 27. Nc5 {(00:12} Rd1+ {(00:35} 28. Rf1 {
(00:30} Rd2 {(01:28} 29. dxe5 {(05:58} Rxe5 {(
00:02} 30. Rf3 {(00:24} Re2 {(01:52} 31. Rb3 {(00:37}
Re1+ {(01:19} 32. Kh2 {(00:46} Re2 {(00:56} 33. a4 {
(00:14} Re8 {(00:22} 34. a5 {(00:49} Rc2 {(00:
28} 35. Rb5 {(00:51} d4 {(01:04} 36. exd4 {(00:23}
Ree2 {(00:18} 37. Rg3 {(00:24} Nh5 {(00:29} 38. Rg4 {
(00:45} Nf6 {(00:27} 39. Rg3 {(03:00} Nh5 {(00:
06} 40. Rg6 {(00:00} Nf4 {(00:00} 41. Rg3 {(00:17}
Nxg2 {(02:56} 42. Rb7 {(15:36} Nf4+ {(00:58} 43. Kh1 {
(00:36} Re1+ {(06:05} 44. Rg1 {(00:13} Rxg1+ {(
08:36} 45. Kxg1 {(00:16} Nxh3+ {(00:40} 46. Kf1 {(01:
10} Rc1+ {(01:20} 47. Kg2 {(02:58} Nf4+ {(00:05} 48.
Kf3 {(00:08} Rf1+ {(01:15} 49. Ke4 {(00:16} Ng6 {
(01:15} 50. a6 {(01:38} Re1+ {(01:25} 51. Kd5 {(
05:35} Ne7+ {(02:23} 52. Kd6 {(00:54} Nf5+ {(00:26}
53. Kd7 {(01:29} Re7+ {(00:52} 54. Kd8 {(00:26} Kf8 {
(01:37} 55. Rxe7 {(01:25} Nxe7 {(00:09} 56. Nd7+ {
(00:19} Kf7 {(00:29} 57. Ne5+ {(00:06} 1-0

[Event "42nd Olympiad Baku 2016 Women"]
[Site "Baku"]
[Date "2016.09.02"]
[Round "1.29"]
[White "Cho, Hung-Ling"]
[Black "Nguyen, Thu Giang"]
[Result "0-1"]
[ECO "B01"]
[WhiteElo "1515"]
[BlackElo "2119"]
[PlyCount "74"]
[EventDate "2016.??.??"]
[EventCountry "AZE"]
[WhiteTeam "Taiwan"]
[BlackTeam "Australien"]
[WhiteTeamCountry "TPE"]
[BlackTeamCountry "AUS"]
[TimeControl "40/5400+30:1800+30"]
[WhiteClock "0:01:33"]
[BlackClock "0:48:02"]

1. e4 {(00:00} d5 {(00:00} 2. exd5 {(00:00} Qxd5 {
(00:00} 3. Nc3 {(00:04} Qa5 {(00:09} 4. d4 {(01:
32} Nf6 {(01:56} 5. Nf3 {(01:45} Bg4 {(00:46} 6. h3 {
(00:51} Bh5 {(00:42} 7. Bc4 {(01:56} Nc6 {(05:
35} 8. g4 {(24:30} Bg6 {(01:58} 9. a3 {(04:30} O-O-O {
(09:12} 10. d5 {(15:43} Nb4 {(09:49} 11. O-O {(
39:31} Nbxd5 {(02:51} 12. Nxd5 {(01:23} Nxd5 {(00:23}
13. Qe2 {(00:49} e6 {(02:30} 14. Rd1 {(01:55} Be7 {
(03:01} 15. Bxd5 {(01:41} Rxd5 {(00:15} 16. Rxd5 {
(00:17} Qxd5 {(00:11} 17. Be3 {(00:10} Rd8 {(03:
06} 18. c3 {(01:24} Bd3 {(04:35} 19. Qd1 {(00:50} Qe4
{(01:01} 20. Nd2 {(00:24} Qc6 {(01:14} 21. Qe1 {
(00:15} b6 {(01:30} 22. Rd1 {(00:51} Ba6 {(00:
33} 23. Rc1 {(00:23} Rd3 {(01:14} 24. c4 {(00:39} Bb7
{(04:47} 25. f3 {(00:35} Rxe3 {(00:17} 26. Qxe3 {
(00:28} Bc5 {(00:07} 27. Qxc5 {(00:33} Qxc5+ {(
00:07} 28. Kg2 {(00:06} Qe3 {(00:19} 29. Ne4 {(00:29}
Qxc1 {(00:17} 30. b3 {(00:48} f5 {(00:30} 31. gxf5 {
(00:32} exf5 {(00:06} 32. Nf2 {(00:24} Qe3 {(00:
13} 33. h4 {(00:40} Bxf3+ {(00:42} 34. Kf1 {(00:17}
Qe2+ {(00:10} 35. Kg1 {(00:19} Qe1+ {(00:10} 36. Kh2 {
(00:09} Qxf2+ {(00:07} 37. Kh3 {(00:14} Bg4# {(
00:05} 0-1

[Event "42nd Olympiad Baku 2016 Women"]
[Site "Baku"]
[Date "2016.09.02"]
[Round "1.30"]
[White "Clementson, Jessica"]
[Black "Tin, Ruiqi"]
[Result "0-1"]
[ECO "C50"]
[WhiteElo "1233"]
[BlackElo "1892"]
[PlyCount "50"]
[EventDate "2016.??.??"]
[EventCountry "AZE"]
[WhiteTeam "Guyana"]
[BlackTeam "Singapur"]
[WhiteTeamCountry "GUY"]
[BlackTeamCountry "SIN"]
[TimeControl "40/5400+30:1800+30"]
[WhiteClock "0:03:17"]
[BlackClock "0:02:23"]

1. e4 {(00:00} e5 {(00:00} 2. Nf3 {(00:00} Nc6 {
(00:00} 3. Bc4 {(00:05} Bc5 {(00:00} 4. O-O {(
00:22} Nf6 {(00:13} 5. d3 {(00:16} d6 {(01:00} 6. c3 {
(01:10} Bb6 {(02:17} 7. h3 {(02:27} h6 {(01:14}
8. Nbd2 {(01:13} Ne7 {(01:17} 9. d4 {(02:34} Ng6 {
(00:49} 10. Re1 {(05:23} Qe7 {(02:20} 11. Nf1 {(
02:36} O-O {(13:30} 12. Ng3 {(07:01} Nh7 {(05:07} 13.
Be3 {(07:57} Kh8 {(26:15} 14. dxe5 {(08:12} dxe5 {
(00:43} 15. Bxb6 {(01:50} axb6 {(00:30} 16. a3 {
(11:37} Nf4 {(05:36} 17. Kh2 {(05:37} Qc5 {(08:
54} 18. Bf1 {(11:44} Qxf2 {(09:05} 19. Nf5 {(13:42}
Bxf5 {(10:42} 20. exf5 {(00:51} Rad8 {(02:01} 21. Qc1 {
(04:34} Rd3 {(03:57} 22. Ng1 {(01:42} Rd2 {(03:
02} 23. Rd1 {(04:19} Rc2 {(00:31} 24. Qb1 {(01:11}
Nxg2 {(00:21} 25. Kh1 {(02:50} Nf4 {(00:43} 0-1

[Event "42nd Olympiad Baku 2016 Women"]
[Site "Baku"]
[Date "2016.09.02"]
[Round "1.31"]
[White "Congiu, Mathilde"]
[Black "Mbatha, Constance"]
[Result "1-0"]
[ECO "C23"]
[WhiteElo "2232"]
[BlackElo "1746"]
[PlyCount "45"]
[EventDate "2016.??.??"]
[EventCountry "AZE"]
[WhiteTeam "Frankreich"]
[BlackTeam "Sambia"]
[WhiteTeamCountry "FRA"]
[BlackTeamCountry "ZAM"]
[TimeControl "40/5400+30:1800+30"]
[WhiteClock "0:16:17"]
[BlackClock "0:37:51"]

1. e4 {(00:00} e5 {(00:38} 2. Nf3 {(00:00} Nc6 {
(00:13} 3. Bc4 {(00:20} Bc5 {(02:10} 4. c3 {(02:
40} d6 {(04:28} 5. d4 {(03:29} exd4 {(00:13} 6. cxd4 {
(00:40} Bb6 {(00:48} 7. d5 {(10:35} Ne5 {(01:52]
} 8. Nxe5 {(03:03} dxe5 {(00:27} 9. Qh5 {(05:36} Qd6 {
(01:59} 10. O-O {(02:58} Nf6 {(01:40} 11. Qh4 {(
02:08} O-O {(01:47} 12. Bb3 {(15:13} Bd7 {(02:58} 13.
Na3 {(01:12} Qe7 {(10:26} 14. Rd1 {(20:10} Rad8 {
(02:28} 15. Nc4 {(02:09} Bd4 {(05:54} 16. Bg5 {(
10:42} b5 {(02:34} 17. Ne3 {(01:34} Bxb2 {(04:27} 18.
d6 {(00:32} Qe8 {(03:00} 19. Bxf6 {(00:48} gxf6 {
(00:54} 20. Nd5 {(00:36} c5 {(12:05} 21. Nxf6+ {
(00:21} Kg7 {(01:10} 22. Qxh7+ {(00:22} Kxf6 {(
00:58} 23. Qh6# {(00:05} 1-0

[Event "42nd Olympiad Baku 2016 Women"]
[Site "Baku"]
[Date "2016.09.02"]
[Round "1.7"]
[White "Cordero, Daniela"]
[Black "Baqer, Fatemah Alzahraa"]
[Result "1-0"]
[ECO "D02"]
[WhiteElo "1954"]
[BlackElo "1204"]
[PlyCount "66"]
[EventDate "2016.??.??"]
[EventCountry "AZE"]
[WhiteTeam "Bolivien"]
[BlackTeam "Kuwait"]
[WhiteTeamCountry "BOL"]
[BlackTeamCountry "KUW"]
[TimeControl "40/5400+30:1800+30"]
[WhiteClock "0:44:48"]
[BlackClock "0:48:58"]

1. d4 {(00:00} d5 {(00:07} 2. Nf3 {(00:00} Nf6 {
(00:33} 3. c4 {(00:01} e6 {(01:51} 4. g3 {(00:
07} b6 {(06:14} 5. cxd5 {(00:47} exd5 {(00:26} 6. Bg2
{(00:23} Bd6 {(00:23} 7. O-O {(01:35} O-O {(00:
08} 8. Nc3 {(02:04} Nc6 {(00:24} 9. Bg5 {(08:33} Bf5 {
(02:57} 10. Nxd5 {(05:18} Be4 {(04:37} 11. Nc3 {
(03:37} Qe7 {(02:39} 12. Bxf6 {(01:30} gxf6 {(
01:14} 13. Nxe4 {(00:14} Qxe4 {(00:54} 14. Ne5 {(04:07]
} Qf5 {(02:10} 15. Nxc6 {(00:17} Rae8 {(07:35} 16. Re1
{(06:34} a6 {(01:25} 17. e4 {(00:30} Qg6 {(01:
29} 18. e5 {(02:35} fxe5 {(00:38} 19. dxe5 {(00:07}
Bc5 {(01:44} 20. b4 {(00:14} Be7 {(02:40} 21. Be4 {
(02:34} f5 {(00:56} 22. Bd5+ {(09:32} Kh8 {(01:
12} 23. f4 {(03:31} h5 {(02:53} 24. Qb3 {(00:44} a5 {
(03:00} 25. a3 {(00:21} b5 {(00:39} 26. Rac1 {(
01:26} a4 {(00:29} 27. Qf3 {(02:02} h4 {(00:32} 28.
Kf2 {(01:59} hxg3+ {(00:57} 29. hxg3 {(00:07} Qh6 {
(01:05} 30. Rh1 {(00:08} Bg5 {(04:07} 31. fxg5 {
(00:28} Qh7 {(01:05} 32. Rxh7+ {(00:12} Kxh7 {(
00:05} 33. Qh5+ {(00:05} Kg7 {(00:24} 1-0

[Event "42nd Olympiad Baku 2016 Women"]
[Site "Baku"]
[Date "2016.09.02"]
[Round "1.1"]
[White "Cori T, Deysi"]
[Black "Wakuruwarewa, Colletta"]
[Result "1-0"]
[ECO "E14"]
[WhiteElo "2402"]
[BlackElo "1716"]
[PlyCount "87"]
[EventDate "2016.??.??"]
[EventCountry "AZE"]
[WhiteTeam "Peru"]
[BlackTeam "Simbabwe"]
[WhiteTeamCountry "PER"]
[BlackTeamCountry "ZIM"]
[TimeControl "40/5400+30:1800+30"]
[WhiteClock "1:32:32"]
[BlackClock "0:44:47"]

1. d4 {(00:00} Nf6 {(00:20} 2. c4 {(00:09} e6 {(
01:20} 3. Nf3 {(00:06} b6 {(00:35} 4. e3 {(00:19} Bb7
{(00:08} 5. Bd3 {(00:07} Be7 {(01:13} 6. Nc3 {(
00:21} c5 {(02:31} 7. O-O {(00:13} O-O {(06:40} 8. d5
{(02:40} d6 {(01:46} 9. h3 {(04:46} Nbd7 {(06:
18} 10. dxe6 {(03:31} fxe6 {(00:34} 11. Ng5 {(02:50}
Qc8 {(03:56} 12. Nxe6 {(06:06} Re8 {(02:06} 13. f4 {
(03:54} Nf8 {(04:03} 14. Nxf8 {(00:53} Bxf8 {(
00:25} 15. Qc2 {(01:54} Bc6 {(09:23} 16. e4 {(02:21}
Qb7 {(02:16} 17. Nd5 {(00:38} Nd7 {(00:52} 18. e5 {
(02:00} dxe5 {(11:30} 19. Bxh7+ {(00:16} Kh8 {(
00:12} 20. Bg6 {(00:48} Bxd5 {(07:06} 21. cxd5 {(01:07]
} Nf6 {(09:04} 22. Bxe8 {(05:29} Rxe8 {(03:38} 23. fxe5
{(00:20} Rxe5 {(00:23} 24. Bf4 {(00:09} Rxd5 {(
02:54} 25. Rad1 {(00:14} Rd7 {(06:40} 26. Be5 {(02:13}
Be7 {(00:44} 27. Qg6 {(00:56} Rxd1 {(02:19} 28. Rxd1 {
(00:03} Qe4 {(00:40} 29. Qxe4 {(00:57} Nxe4 {(
00:07} 30. Rd7 {(00:06} Bf6 {(00:59} 31. Bxf6 {(00:14}
Nxf6 {(00:26} 32. Rxa7 {(00:05} Nd5 {(00:12} 33. Rd7 {
(00:41} Nf4 {(00:58} 34. Kf2 {(00:51} c4 {(00:
25} 35. Rd4 {(00:12} Nd3+ {(00:49} 36. Rxd3 {(00:12}
cxd3 {(00:34} 37. a4 {(00:33} Kg8 {(00:28} 38. b4 {
(00:06} Kf7 {(00:07} 39. a5 {(00:06} bxa5 {(00:
58} 40. bxa5 {(00:00} d2 {(00:00} 41. Ke2 {(00:13} Ke7
{(00:16} 42. a6 {(00:06} d1=Q+ 43. Kxd1 {(00:13} Kd7 {
(00:48} 44. a7 1-0